TOP OF THE 1ST |
Delaware 1787 BC batting - Pitching for Myrtle Beach Seahawks : LHP José Rico
|
Pitching: LHP José Rico
|
|
Batting: LHB Tony Vega
|
0-0: Ball 1-0: Ball 2-0: Foul Ball, location: 2F 2-1: SINGLE (Groundball, 4M) (infield hit)
|
Batting: LHB José Cordero
|
0-0: Ball 1-0: Called Strike 1-1: Foul Ball, location: 2F 1-2: Ball 2-2: Ball 3-2: Foul Ball, location: 2F 3-2: Foul Ball, location: 2F 3-2: Base on Balls Tony Vega to second
|
Batting: RHB Jim Scott
|
0-0: Fly out, F4 (Popup, 3DF)
|
Batting: RHB Jorge Figueroa
|
0-0: Called Strike 0-1: Foul Ball, location: 2F 0-2: Foul Ball, location: 2F 0-2: Grounds into double play, 4-6-3 (Groundball, 4)
|
Top of the 1st over - 0 run(s), 1 hit(s), 0 error(s), 1 left on base; Delaware 0 - Myrtle Beach 0 |
BOTTOM OF THE 1ST |
Myrtle Beach Seahawks batting - Pitching for Delaware 1787 BC : RHP Roberto Calderón
|
Pitching: RHP Roberto Calderón
|
|
Batting: RHB Fernando Pérez
|
0-0: Ball 1-0: SINGLE (Groundball, 6D)
|
Batting: RHB José Sosa
|
0-0: SINGLE (Flyball, 4D) Fernando Pérez to second Runner from 2nd tries for 3rd, SAFE, throw made to third José Sosa to second
|
Batting: SHB Jorge Barrios
|
0-0: Foul Ball, location: 2F 0-1: Foul Ball, location: 2F 0-2: Ball 1-2: Ball 2-2: Ground out U3 (Groundball, 3)
|
Batting: RHB Rodrigo Lugo
|
0-0: Ball 1-0: Fly out, F7 (Flyball, 7D) Runner from 3rd tags up, SCORES, no throw
|
Batting: RHB Roberto Escues
|
0-0: Called Strike 0-1: Called Strike 0-2: Fly out, F4 (Line Drive, 4)
|
Bottom of the 1st over - 1 run(s), 2 hit(s), 0 error(s), 1 left on base; Delaware 0 - Myrtle Beach 1 |
TOP OF THE 2ND |
Delaware 1787 BC batting - Pitching for Myrtle Beach Seahawks : LHP José Rico
|
Batting: RHB Henrique Shearman
|
0-0: Ball 1-0: Ground out 6-3 (Groundball, 6M)
|
Batting: RHB Pedro Rivera
|
0-0: Ball 1-0: Fly out, F7 (Flyball, 7M)
|
Batting: RHB Mike Greene
|
0-0: Fly out, F7 (Flyball, 7M)
|
Top of the 2nd over - 0 run(s), 0 hit(s), 0 error(s), 0 left on base; Delaware 0 - Myrtle Beach 1 |
BOTTOM OF THE 2ND |
Myrtle Beach Seahawks batting - Pitching for Delaware 1787 BC : RHP Roberto Calderón
|
Batting: RHB Manuel Díaz
|
0-0: Called Strike 0-1: Called Strike 0-2: Ball 1-2: Foul Ball, location: 2F 1-2: Foul Ball, location: 2F 1-2: Ground out 1-3 (Groundball, 13)
|
Batting: RHB Guillaume Colin
|
0-0: Called Strike 0-1: SOLO HOME RUN (Flyball, 7LD), Distance : 385 ft
|
Batting: RHB Jim Unknown
|
0-0: Ball 1-0: SINGLE (Line Drive, 4MD)
|
Batting: RHB Jim Unknown
|
0-0: Called Strike 0-1: Fielders Choice at 2nd, 6-4 (Groundball, 6M)
|
Batting: RHB Fernando Pérez
|
0-0: Called Strike 0-1: Swinging Strike 0-2: Ball 1-2: Foul Ball, location: 2F 1-2: Foul Ball, location: 2F 1-2: Strikes out looking
|
Bottom of the 2nd over - 1 run(s), 2 hit(s), 0 error(s), 1 left on base; Delaware 0 - Myrtle Beach 2 |
TOP OF THE 3RD |
Delaware 1787 BC batting - Pitching for Myrtle Beach Seahawks : LHP José Rico
|
Batting: LHB Salvador Avilés
|
0-0: Called Strike 0-1: Ball 1-1: Foul Ball, location: 2F 1-2: Ball 2-2: Foul Ball, location: 2F 2-2: Ball 3-2: Fly out, F8 (Flyball, 8RM)
|
Batting: SHB Alonso Solís
|
0-0: Ball 1-0: Ground out 3-1 (Groundball, 34)
|
Batting: LHB Tony Vega
|
0-0: Ball 1-0: Ball 2-0: Foul Ball, location: 2F 2-1: Ball 3-1: Called Strike 3-2: Foul Ball, location: 2F 3-2: Foul Ball, location: 2F 3-2: Foul Ball, location: 2F 3-2: Base on Balls
|
Batting: LHB José Cordero
|
0-0: Called Strike Tony Vega steals 2nd base 0-1: SINGLE (Groundball, 34D) Tony Vega to third Runner from 3rd tries for Home, SAFE, no throw or cutoff
|
Batting: RHB Jim Scott
|
0-0: Fly out, F8 (Line Drive, 8RS)
|
Top of the 3rd over - 1 run(s), 1 hit(s), 0 error(s), 1 left on base; Delaware 1 - Myrtle Beach 2 |
BOTTOM OF THE 3RD |
Myrtle Beach Seahawks batting - Pitching for Delaware 1787 BC : RHP Roberto Calderón
|
Batting: RHB José Sosa
|
0-0: Swinging Strike 0-1: Foul Ball, location: 2F 0-2: Foul Ball, location: 2F 0-2: Strikes out looking
|
Batting: SHB Jorge Barrios
|
0-0: Called Strike 0-1: SINGLE (Line Drive, 4D)
|
Batting: RHB Rodrigo Lugo
|
0-0: Called Strike 0-1: Ball 1-1: Swinging Strike 1-2: Hit by Pitch Jorge Barrios to second
|
Batting: RHB Roberto Escues
|
0-0: Called Strike 0-1: Ball Reached via error on a dropped throw, E3 Jorge Barrios to third Rodrigo Lugo to second
|
Batting: RHB Manuel Díaz
|
0-0: Ball 1-0: Fly out, F9 (Flyball, 8RM) Runner from 3rd tags up, SCORES, no throw
|
Batting: RHB Guillaume Colin
|
0-0: Fielders Choice at 2nd, 6-4 (Groundball, 6)
|
Bottom of the 3rd over - 1 run(s), 1 hit(s), 1 error(s), 1 left on base; Delaware 1 - Myrtle Beach 3 |
TOP OF THE 4TH |
Delaware 1787 BC batting - Pitching for Myrtle Beach Seahawks : LHP José Rico
|
Batting: RHB Jorge Figueroa
|
0-0: Called Strike 0-1: Ball 1-1: Ball 2-1: Foul Ball, location: 2F 2-2: Strikes out looking
|
Batting: RHB Henrique Shearman
|
0-0: Ball 1-0: Foul Ball, location: 2F 1-1: Fly out, F9 (Popup, 89S)
|
Batting: RHB Pedro Rivera
|
0-0: Called Strike 0-1: Foul Ball, location: 2F 0-2: Ball 1-2: Ball 2-2: Ball 3-2: Base on Balls
|
Batting: RHB Mike Greene
|
0-0: Swinging Strike 0-1: Foul Ball, location: 2F 0-2: Ball 1-2: Strikes out swinging
|
Top of the 4th over - 0 run(s), 0 hit(s), 0 error(s), 1 left on base; Delaware 1 - Myrtle Beach 3 |
BOTTOM OF THE 4TH |
Myrtle Beach Seahawks batting - Pitching for Delaware 1787 BC : RHP Roberto Calderón
|
Batting: RHB Jim Unknown
|
0-0: Ground out 5-3 (Groundball, 5S)
|
Batting: RHB Jim Unknown
|
0-0: Called Strike 0-1: Fly out, F1 (Popup, 34S)
|
Batting: RHB Fernando Pérez
|
0-0: Called Strike 0-1: Ground out 4-3 (Groundball, 4)
|
Bottom of the 4th over - 0 run(s), 0 hit(s), 0 error(s), 0 left on base; Delaware 1 - Myrtle Beach 3 |
TOP OF THE 5TH |
Delaware 1787 BC batting - Pitching for Myrtle Beach Seahawks : LHP José Rico
|
Batting: LHB Salvador Avilés
|
0-0: Ball 1-0: Called Strike 1-1: Fly out, F9 (Flyball, 89M)
|
Batting: SHB Alonso Solís
|
0-0: Ball 1-0: Ball 2-0: Called Strike 2-1: Foul Ball, location: 2F 2-2: Strikes out swinging
|
Batting: LHB Tony Vega
|
0-0: Ball 1-0: Ball 2-0: Called Strike 2-1: Foul Ball, location: 2F 2-2: Ground out 4-3 (Groundball, 34)
|
Top of the 5th over - 0 run(s), 0 hit(s), 0 error(s), 0 left on base; Delaware 1 - Myrtle Beach 3 |
BOTTOM OF THE 5TH |
Myrtle Beach Seahawks batting - Pitching for Delaware 1787 BC : RHP Roberto Calderón
|
Batting: RHB José Sosa
|
0-0: Ball 1-0: Foul Ball, location: 2F 1-1: Swinging Strike 1-2: Foul Ball, location: 2F 1-2: Strikes out swinging
|
Batting: SHB Jorge Barrios
|
0-0: Ball 1-0: Ball 2-0: Ball 3-0: Base on Balls
|
Batting: RHB Rodrigo Lugo
|
0-0: DOUBLE (Line Drive, 5L) Jorge Barrios to third
|
Batting: RHB Roberto Escues
|
0-0: Ball 1-0: Ball 2-0: Fly out, F4 (Popup, 4MD)
|
Batting: RHB Manuel Díaz
|
0-0: Called Strike 0-1: Foul Ball, location: 2F 0-2: Ball 1-2: Strikes out looking
|
Bottom of the 5th over - 0 run(s), 1 hit(s), 0 error(s), 2 left on base; Delaware 1 - Myrtle Beach 3 |
TOP OF THE 6TH |
Delaware 1787 BC batting - Pitching for Myrtle Beach Seahawks : LHP José Rico
|
Batting: LHB José Cordero
|
0-0: Bunt missed! 0-1: Ball 1-1: Foul Ball, location: 2F 1-2: Strikes out swinging
|
Batting: RHB Jim Scott
|
0-0: Called Strike 0-1: Ball 1-1: Foul Ball, location: 2F 1-2: Strikes out swinging
|
Batting: RHB Jorge Figueroa
|
0-0: Foul Ball, location: 2F 0-1: Called Strike 0-2: Ball 1-2: Strikes out swinging
|
Top of the 6th over - 0 run(s), 0 hit(s), 0 error(s), 0 left on base; Delaware 1 - Myrtle Beach 3 |
BOTTOM OF THE 6TH |
Myrtle Beach Seahawks batting - Pitching for Delaware 1787 BC : RHP Roberto Calderón
|
Batting: RHB Guillaume Colin
|
0-0: Called Strike 0-1: Ball 1-1: Ground out 1-3 (Groundball, 13)
|
Batting: RHB Jim Unknown
|
0-0: Ball 1-0: Called Strike 1-1: SOLO HOME RUN (Flyball, 7LD), Distance : 383 ft
|
Batting: RHB Jim Unknown
|
0-0: Ball 1-0: Ball 2-0: Swinging Strike 2-1: SOLO HOME RUN (Flyball, 7D), Distance : 417 ft
|
Pitching: LHP Pedro Garza
|
|
Batting: RHB Fernando Pérez
|
0-0: Called Strike 0-1: Ball 1-1: Ball 2-1: Ball 3-1: Base on Balls
|
Batting: RHB José Sosa
|
0-0: Ball 1-0: Ball 2-0: Called Strike 2-1: Foul Ball, location: 2F 2-2: Strikes out swinging
|
Batting: SHB Jorge Barrios
|
0-0: Called Strike 0-1: Ball 1-1: Ball 2-1: Ball 3-1: Base on Balls Fernando Pérez to second
|
Batting: RHB Rodrigo Lugo
|
0-0: Called Strike 0-1: Ground out 6-3 (Groundball, 6)
|
Bottom of the 6th over - 2 run(s), 2 hit(s), 0 error(s), 2 left on base; Delaware 1 - Myrtle Beach 5 |
TOP OF THE 7TH |
Delaware 1787 BC batting - Pitching for Myrtle Beach Seahawks : LHP José Rico
|
Batting: RHB Henrique Shearman
|
0-0: Called Strike 0-1: Fly out, F1 (Popup, 13S)
|
Batting: RHB Pedro Rivera
|
0-0: SINGLE (Line Drive, 4MD)
|
Batting: RHB Mike Greene
|
0-0: Swinging Strike 0-1: Ball 1-1: Called Strike 1-2: Grounds into double play, U3-6 (Groundball, 3L)
|
Top of the 7th over - 0 run(s), 1 hit(s), 0 error(s), 0 left on base; Delaware 1 - Myrtle Beach 5 |
BOTTOM OF THE 7TH |
Myrtle Beach Seahawks batting - Pitching for Delaware 1787 BC : LHP Pedro Garza
|
Batting: RHB Roberto Escues
|
0-0: Called Strike 0-1: Ball 1-1: Fly out, F7 (Flyball, 7S)
|
Batting: RHB Manuel Díaz
|
0-0: Called Strike 0-1: Swinging Strike 0-2: Ball 1-2: Ball 2-2: Foul Ball, location: 2F 2-2: Ball 3-2: Foul Ball, location: 2F 3-2: Base on Balls
|
Batting: RHB Guillaume Colin
|
0-0: Ball 1-0: Grounds into double play, 4-6-3 (Groundball, 4)
|
Bottom of the 7th over - 0 run(s), 0 hit(s), 0 error(s), 0 left on base; Delaware 1 - Myrtle Beach 5 |
TOP OF THE 8TH |
Delaware 1787 BC batting - Pitching for Myrtle Beach Seahawks : LHP José Rico
|
Batting: LHB Salvador Avilés
|
0-0: Ball 1-0: Foul Ball, location: 2F 1-1: Foul Ball, location: 2F 1-2: Strikes out looking
|
Pitching: RHP Randall McLean
|
|
Batting: SHB Alonso Solís
|
0-0: Swinging Strike 0-1: Swinging Strike 0-2: Foul Ball, location: 2F 0-2: Strikes out swinging
|
Batting: LHB Tony Vega
|
0-0: Ball 1-0: Foul Ball, location: 2F 1-1: Foul Ball, location: 2F 1-2: Ball 2-2: Fly out, F7 (Flyball, 78M)
|
Top of the 8th over - 0 run(s), 0 hit(s), 0 error(s), 0 left on base; Delaware 1 - Myrtle Beach 5 |
BOTTOM OF THE 8TH |
Myrtle Beach Seahawks batting - Pitching for Delaware 1787 BC : LHP Pedro Garza
|
Batting: RHB Jim Unknown
|
0-0: Called Strike 0-1: Ball 1-1: Swinging Strike 1-2: Strikes out swinging
|
Batting: RHB Jim Unknown
|
0-0: Ball 1-0: Fly out, F3 (Popup, 23F)
|
Batting: RHB Fernando Pérez
|
0-0: Ball 1-0: Ball 2-0: SINGLE (Groundball, 6MD) (infield hit)
|
Batting: RHB José Sosa
|
0-0: Called Strike 0-1: Ball 1-1: Fielders Choice at 2nd, U6 (Groundball, 6M)
|
Bottom of the 8th over - 0 run(s), 1 hit(s), 0 error(s), 1 left on base; Delaware 1 - Myrtle Beach 5 |
TOP OF THE 9TH |
Delaware 1787 BC batting - Pitching for Myrtle Beach Seahawks : RHP Randall McLean
|
Batting: LHB José Cordero
|
0-0: Ground out 3-1 (Groundball, 34)
|
Batting: RHB Jim Scott
|
0-0: Ball 1-0: Called Strike 1-1: Swinging Strike 1-2: Foul Ball, location: 2F 1-2: Ball 2-2: Foul Ball, location: 2F 2-2: SINGLE (Groundball, 6M)
|
Batting: RHB Jorge Figueroa
|
0-0: Swinging Strike 0-1: Ball 1-1: TRIPLE (Line Drive, 9LS) Jim Scott scores
|
Pitching: RHP Dennis Dunn
|
|
Batting: RHB Henrique Shearman
|
0-0: Ball 1-0: Foul Ball, location: 2F 1-1: Ball 2-1: DOUBLE (Line Drive, 78M) Jorge Figueroa scores
|
Pinch Hitting: LHB Jim Unknown
|
0-0: Swinging Strike 0-1: Foul Ball, location: 2F 0-2: Ball 1-2: Ball 2-2: Fly out, F8 (Flyball, 78M)
|
Batting: RHB Mike Greene
|
0-0: Swinging Strike 0-1: Ground out 3-1 (Groundball, 34S)
|
Top of the 9th over - 2 run(s), 3 hit(s), 0 error(s), 1 left on base; Delaware 3 - Myrtle Beach 5 |
|